 Dungeon Crawl Stone Soup version 0.21.1-1-g345015f (webtiles) character file.

151 wojtek the Digger (level 5, 0/28 HPs)
             Began as a Deep Elf Earth Elementalist on June 30, 2018.
             Slain by an adder (2 damage)
             ... on level 3 of the Dungeon.
             The game lasted 00:04:18 (2188 turns).

wojtek the Digger (Deep Elf Earth Elementalist)     Turns: 2188, Time: 00:04:18

Health: 0/28       AC:  3    Str:  5    XL:     5   Next: 11%
Magic:  11/11      EV: 13    Int: 21    God:
Gold:   80         SH:  0    Dex: 15    Spells: 9/10 levels left

rFire    . . .     SeeInvis .   g - +0 dagger
rCold    . . .     Gourm    .   (no shield)
rNeg     . . .     Faith    .   c - +0 robe
rPois    .         Spirit   .   (no helmet)
rElec    .         Reflect  .   (no cloak)
rCorr    .         Harm     .   (no gloves)
MR       .....                  p - +0 pair of boots
Stlth    ++........             (no amulet)
HPRegen  0.09/turn              (no ring)
MPRegen  0.12/turn              (no ring)

@: lethally poisoned (0 -> -8), hasted, very quick
A: no striking features
a: no special abilities


You were on level 3 of the Dungeon.
You were not hungry.

You visited 1 branch of the dungeon, and saw 3 of its levels.

You collected 80 gold pieces.

Inventory:

Hand Weapons
 g - a +0 dagger (weapon)
 n - a cursed -1 dagger
Armour
 c - a +0 robe (worn)
 p - a +0 pair of boots (worn)
Scrolls
 h - a scroll of blinking {unknown}
 i - a scroll of teleportation {unknown}
 j - 3 scrolls of enchant armour {unknown}
 k - a scroll of magic mapping {unknown}
 l - a scroll of fear {unknown}
 r - a scroll of remove curse {unknown}
Potions
 m - a potion of curing {unknown}
 o - a potion of invisibility {unknown}
 q - a potion of lignification {unknown}
 s - a potion of resistance {unknown}
Books
 e - a book of Geomancy

   Spells                             Type                      Level
   a - Sandblast                      Earth                        1
   b - Passwall                       Transmutation/Earth          2
   c - Stone Arrow                    Conjuration/Earth            3
   d - Petrify                        Transmutation/Earth          4
   e - Lee's Rapid Deconstruction     Earth                        5
Comestibles
 a - 4 chunks of flesh
 d - 2 rations


   Skills:
 - Level 2.4 Dodging
 - Level 2.4 Stealth
 - Level 3.0 Spellcasting
   Level 1.1 Transmutations
 + Level 6.4 Earth Magic


You had 9 spell levels left.
You knew the following spells:

 Your Spells              Type           Power        Failure   Level  Hunger
a - Sandblast             Erth           ####..       1%          1    None


Dungeon Overview and Level Annotations

Branches:
Dungeon (3/15)

Altars:

Annotations:
D:2 Terence


Message History

You feel sick. The adder bites you but does no damage.
You hit the adder.
The adder is heavily wounded.
The adder bites you.
* * * LOW HITPOINT WARNING * * *
You are lethally poisoned!
The adder poisons you!
You miss the adder.
The adder is heavily wounded.
* * * LOW HITPOINT WARNING * * *
You feel sick. The adder bites you.
* * * LOW HITPOINT WARNING * * *
The adder closely misses you.
It was a potion of haste.
You feel yourself speed up.
* * * LOW HITPOINT WARNING * * *
You feel sick. The adder misses you.
You miss the adder.
The adder is heavily wounded.
The adder bites you.
You die...

..................###
####.#............
#....#############
....#########...#
.####
....')......'..)+
....
....#########...###.#
....# #.......# ....#
#. #...)...# #####
##...##...@S..##
...............######
........##.......%...
..(.....######.......
........# .......
........# .......
........# .......
........# .......
######### ##..###


You could see an adder.

Vanquished Creatures
  A bullfrog skeleton (D:2)
  A gnoll (D:1)
  5 adders
  A dart slug (D:2)
  4 orcs (D:3)
  6 giant cockroaches
  9 goblins
  6 hobgoblins
  6 jackals
  2 quokkas (D:3)
  7 bats
  A frilled lizard (D:3)
  6 kobolds
  7 rats
62 creatures vanquished.

Notes
Turn   | Place    | Note
-------+----------+-------------------------------------------
     0 | D:1      | wojtek the Deep Elf Earth Elementalist began the quest for the Orb.
     0 | D:1      | Reached XP level 1. HP: 10/10 MP: 6/6
   178 | D:1      | Reached XP level 2. HP: 15/15 MP: 6/8
   180 | D:1      | Reached skill level 4 in Earth Magic
   650 | D:1      | Reached XP level 3. HP: 19/19 MP: 7/9
   911 | D:2      | Reached skill level 5 in Earth Magic
  1141 | D:2      | Reached XP level 4. HP: 24/24 MP: 5/10
  1399 | D:2      | Noticed Terence
  1409 | D:2      | Reached skill level 6 in Earth Magic
  2017 | D:3      | Reached XP level 5. HP: 28/28 MP: 8/11
  2188 | D:3      | Slain by an adder

Skill      XL: |  1  2  3  4 |
---------------+-------------+-----
Earth Magic    | 4 5 6 |  6.4
Dodging        | |  2.4
Stealth        | |  2.4
Spellcasting   | |  3.0
Transmutations | |  1.1

Action                   |  1- 3 |  4- 6 || total
-------------------------+-------+-------++-------
Melee: Dagger            |       |    20 ||    20
 Cast: Sandblast         |    44 |    45 ||    89
  Use: Potion            |       |     1 ||     1
  Eat: Chunk             |     1 |     3 ||     4
Armor: Robe              |     2 |    11 ||    13
Dodge: Dodged            |     2 |    26 ||    28
